 Dungeon Crawl Stone Soup version 0.21-a0-150-gc243083 (webtiles) character file.

1470 drasked the Grappler (level 8, -1/111 HPs)
             Began as a Troll Monk on July 27, 2017.
             Succumbed to a soldier ant's poison
             ... on level 5 of the Dungeon.
             The game lasted 00:09:36 (4022 turns).

drasked the Grappler (Troll Monk)                   Turns: 4022, Time: 00:09:36

Health: -1/111     AC:  5    Str: 27    XL:     8   Next: 49%
Magic:  7/7        EV: 10    Int:  6    God:
Gold:   263        SH:  0    Dex: 12    Spells: 7/7 levels left

rFire    . . .     SeeInvis .     - Unarmed
rCold    . . .     Gourm    +   (no shield)
rNeg     . . .     Faith    .   a - +0 robe
rPois    .         Spirit   .   (helmet restricted)
rElec    .         Reflect  .   (no cloak)
rCorr    .         Harm     .   (gloves unavailable)
MR       .....                  (boots unavailable)
Stlth    ..........             (no amulet)
HPRegen  0.68/turn              (no ring)
MPRegen  0.10/turn              (no ring)

@: berserking, lethally poisoned (-1 -> -40), flying, very quick
A: unfitting armour, claws 3, fast metabolism 3, gourmand, regeneration 1,
shaggy fur 1, tough skin 2
a: no special abilities


You were on level 5 of the Dungeon.
You were very full.

You visited 2 branches of the dungeon, and saw 6 of its levels.

You collected 263 gold pieces.

Inventory:

Armour
 a - a +0 robe (worn)
Jewellery
 n - an uncursed ring of ice {unknown}
   (You found it on level 3 of the Dungeon)
 s - the ring "Bel Ratria" {*Drain rN+ Dex+5, unknown}
   (You found it on level 4 of the Dungeon)

   [ring of positive energy]

   It affects your dexterity (+5).
   It protects you from negative energy.
   It causes draining when unequipped.
Wands
 o - a wand of polymorph (13/24)
   (You took it off Grinder on level 3 of the Dungeon)
 x - a wand of iceblast (2/15)
   (You took it off Ijyb on level 5 of the Dungeon)
Scrolls
 d - 2 scrolls of amnesia {unknown}
 h - 3 scrolls of enchant weapon {unknown}
 k - 2 scrolls of blinking {unknown}
 p - 2 scrolls of remove curse {unknown}
 r - 3 scrolls of identify {unknown}
 v - a scroll of teleportation {unknown}
 w - a scroll of fog {unknown}
Potions
 c - 2 potions of magic {unknown}
 e - 2 potions of haste {unknown}
 g - a potion of berserk rage {!q}
 i - 2 potions of mutation {unknown}
 j - a potion of flight
 m - a potion of heal wounds {unknown}
 q - 3 potions of curing {unknown}
 t - 2 potions of invisibility {unknown}
 u - a potion of lignification {unknown}
Comestibles
 b - 9 bread rations {@e1}
 f - 2 meat rations {@e2}
 l - 3 royal jellies


   Skills:
 - Level 2.4 Fighting
 - Level 2.4 Dodging
 - Level 1.0 Stealth
 + Level 10.9 Unarmed Combat


You had 7 spell levels left.
You didn't know any spells.

Dungeon Overview and Level Annotations

Branches:
Dungeon (5/15)             Temple (1/1) D:4

Altars:
Ashenzari
Cheibriados
Dithmenos
Elyvilon
Fedhas
Gozag
Hepliaklqana
Kikubaaqudgha
Makhleb
Nemelex Xobeh
Okawaru
Qazlal
Ru
Sif Muna
Trog
Uskayaw
Vehumet
Wu Jian
Xom
Yredelemnul
Zin
The Shining One

Annotations:
D:5 2 runed doors


Innate Abilities, Weirdness & Mutations

You are too large for most types of armour.
You have claws for hands.
Your metabolism is lightning-fast.
You like to eat raw meat.
Your natural rate of healing is unusually fast.
You are covered in fur. (AC +1)
You have very tough skin. (AC +2)


Message History

The soldier ant completely misses you.
You take 1 damage, and have 62/74 hp.
Unknown command.
You claw the soldier ant! The soldier ant barely misses you.
Unknown command.
You scratch the soldier ant. The soldier ant barely misses you.
Unknown command.
You barely miss the soldier ant.
You feel sick.
The soldier ant waves its antennae.
Unknown command.
You claw the soldier ant! Your claw misses the soldier ant.
The soldier ant stings you.
You are more poisoned.
The soldier ant poisons you!
You take 5 damage, and have 58/74 hp.
You scratch the soldier ant.
You feel sick. The soldier ant stings you!
You are more poisoned.
The soldier ant poisons you!
You take 13 damage, and have 45/74 hp.
You claw the soldier ant!
You kill the soldier ant!
You feel sick.
You take 2 damage, and have 43/74 hp.
You feel very sick.
You take 2 damage, and have 41/74 hp.
You scratch the soldier ant but do no damage.
You feel sick. The soldier ant barely misses you.
You take 2 damage, and have 39/74 hp.
Okay, then.
You barely miss the soldier ant.
You feel sick.
The soldier ant stings you but does no damage.
You take 1 damage, and have 38/74 hp.
You claw the soldier ant!
You feel sick. The soldier ant stings you.
You take 2 damage, and have 36/74 hp.
You closely miss the soldier ant.
You feel sick. The soldier ant barely misses you.
You take 1 damage, and have 35/74 hp.
You barely miss the soldier ant.
You feel sick.
You take 2 damage, and have 33/74 hp.
You closely miss the soldier ant.
You feel sick. The soldier ant stings you!
You are lethally poisoned!
The soldier ant poisons you!
The soldier ant waves its antennae.
You take 9 damage, and have 24/74 hp.
* * * LOW HITPOINT WARNING * * *
You feel very sick.
You take 3 damage, and have 21/74 hp.
* * * LOW HITPOINT WARNING * * *
You feel very sick.
You take 2 damage, and have 19/74 hp.
You don't know any spells.
Unknown command.
Unknown command.
It was a potion of flight.
You feel very buoyant.
You fly up into the air.
* * * LOW HITPOINT WARNING * * *
You feel very sick. The soldier ant stings you.
* * * LOW HITPOINT WARNING * * *
You are more poisoned.
The soldier ant poisons you!
You take 3 damage, and have 16/74 hp.
It was a potion of berserk rage.
A red film seems to cover your vision as you go berserk!
You feel yourself moving faster!
You feel mighty!
* * * LOW HITPOINT WARNING * * *
You feel very sick. The soldier ant stings you!
* * * LOW HITPOINT WARNING * * *
You are more poisoned.
The soldier ant poisons you!
You now have 13/111 hp.
You barely miss the soldier ant.
* * * LOW HITPOINT WARNING * * *
You feel very sick.
The soldier ant stings you but does no damage.
You take 3 damage, and have 10/111 hp.
You mangle the soldier ant!!
You kill the soldier ant!
* * * LOW HITPOINT WARNING * * *
You feel sick.
You take 2 damage, and have 8/111 hp.
You are too berserk!
You claw the soldier ant!
* * * LOW HITPOINT WARNING * * *
You feel very sick.
You take 3 damage, and have 5/111 hp.
You eviscerate the soldier ant!!!
You kill the soldier ant!
* * * LOW HITPOINT WARNING * * *
You feel sick.
You take 1 damage, and have 4/111 hp.
You closely miss the water moccasin.
* * * LOW HITPOINT WARNING * * *
You feel very sick. The water moccasin barely misses you.
You take 3 damage, and have 1/111 hp.
You completely miss the water moccasin.
You die...

.))#....######...#
..)....##....##..#
#.....##+...a.#..#
.....##.#....S##.#
...###..##a.a.S#.#
####y...y###S###.#
#)+y...yy#(?Sa†aa#
####.y..y###a###S#
...###..##.aaaa#@#
.....##y#...a.##.#
####..##+.....#..#
...##..##....##.##
...###..######..#
[..# ##........##
.).# ###.######
...# #.# .#####
#.#


You could see 4 soldier ants, a water moccasin and 4 worker ants.

Vanquished Creatures
  Grinder (D:3)
  Eustachio (D:4)
  3 soldier ants (D:5)
  A phantom (D:4)
  2 centaurs (D:5)
  2 howler monkeys (D:5)
  A crimson imp (D:5)
  A bullfrog zombie (D:5)
  An orc priest (D:3)
  An iguana (D:4)
  Ijyb (D:5)
  Natasha (twice) (D:4)
  3 orc wizards
  A worker ant zombie (D:5)
  7 adders
  5 oozes
  An adder skeleton (D:5)
  2 worms
  8 dart slugs
  A leopard gecko (D:2)
  18 orcs
  5 bats
  7 giant cockroaches
  7 goblins
  7 hobgoblins
  7 jackals
  A quokka (D:2)
  4 frilled lizards
  A giant cockroach zombie (D:5)
  2 kobolds (D:1)
  A leopard gecko skeleton (D:4)
  A quokka zombie (D:5)
  6 rats
112 creatures vanquished.

Notes
Turn   | Place    | Note
-------+----------+-------------------------------------------
     0 | D:1      | drasked the Troll Monk began the quest for the Orb.
     0 | D:1      | Reached XP level 1. HP: 22/22 MP: 0/0
   123 | D:1      | Reached XP level 2. HP: 29/29 MP: 1/1
   206 | D:1      | Reached skill level 4 in Unarmed Combat
   440 | D:1      | Reached XP level 3. HP: 34/36 MP: 2/2
   578 | D:1      | You fall through a shaft!
   966 | D:2      | Reached XP level 4. HP: 44/44 MP: 3/3
   993 | D:2      | Reached skill level 5 in Unarmed Combat
  1162 | D:2      | Found an opulent altar of Gozag.
  1432 | D:3      | Reached XP level 5. HP: 47/50 MP: 4/4
  1561 | D:3      | Noticed Grinder
  1561 | D:3      | Paralysed by Grinder for 2 turns
  1591 | D:3      | Killed Grinder
  1591 | D:3      | Reached skill level 7 in Unarmed Combat
  1591 | D:3      | Reached XP level 6. HP: 24/59 MP: 5/5
  1731 | D:3      | Found a sparkling altar of Nemelex Xobeh.
  2194 | D:4      | Found a glowing golden altar of the Shining One.
  2309 | D:4      | Got a shimmering brass ring
  2411 | D:4      | Noticed Natasha
  2421 | D:4      | Killed Natasha
  2461 | D:4      | Noticed Eustachio
  2482 | D:4      | Killed Eustachio
  2482 | D:4      | Reached skill level 8 in Unarmed Combat
  2482 | D:4      | Reached XP level 7. HP: 64/66 MP: 6/6
  2530 | D:4      | Found a staircase to the Ecumenical Temple.
  2546 | D:4      | Noticed Natasha
  2552 | D:4      | Killed Natasha
  2711 | Temple   | Entered the Ecumenical Temple
  2984 | D:5      | Entered Level 5 of the Dungeon
  2987 | D:5      | Reached skill level 9 in Unarmed Combat
  3335 | D:5      | Reached XP level 8. HP: 70/74 MP: 7/7
  3383 | D:5      | Found a basalt altar of Yredelemnul.
  3386 | D:5      | Found a sparkling altar of Nemelex Xobeh.
  3386 | D:5      | Found a bloodstained altar of Trog.
  3388 | D:5      | Found a white marble altar of Elyvilon.
  3388 | D:5      | Found a sacrificial altar of Ru.
  3506 | D:5      | Found a runed gate.
  3507 | D:5      | Found a runed door.
  3518 | D:5      | Found a runed gate.
  3518 | D:5      | Found a runed gate.
  3526 | D:5      | Found a runed door.
  3661 | D:5      | Noticed Ijyb
  3666 | D:5      | Reached skill level 10 in Unarmed Combat
  3669 | D:5      | Killed Ijyb
  4015 | D:5      | HP: 17/74 [poisoned by a soldier ant]
  4018 | D:5      | HP: 8/111 [poisoned by a soldier ant]
  4021 | D:5      | HP: 1/111 [poisoned by a soldier ant]
  4022 | D:5      | Succumbed to a soldier ant's poison

Vault maps used:
D:1:      saegor_arrival_simple_f, minmay_misc_feat_secret_circle
D:2:      marbit_many_paths, minmay_close_crescents
D:3:      nemelex_xobeh_ov_fountains_minmay, uniq_grinder
D:4:      lemuel_crystal_altar, temple_statues, first_bread, uniq_eustachio,
          uniq_natasha
D:5:      grunt_temple_overflow_open, minmay_guarded_unrand_staff_of_olgreb,
          uniq_ijyb
Temple:   regret_index_temple_generic_petals

Skill      XL: |  1  2  3  4  5  6  7  8 |
---------------+-------------------------+-----
Unarmed Combat | 4 5 7 8 9 10 | 10.9
Fighting       | |  2.4
Dodging        | |  2.4
Stealth        | |  1.0

Action                   |  1- 3 |  4- 6 |  7- 9 || total
-------------------------+-------+-------+-------++-------
Melee: Unarmed           |    78 |   123 |   101 ||   302
       Punch             |     1 |     2 |     1 ||     4
  Use: Potion            |       |       |     2 ||     2
 Stab: Sleeping          |     4 |       |       ||     4
       Distracted        |       |     1 |       ||     1
  Eat: Chunk             |    14 |    14 |    12 ||    40
Armor: Robe              |    27 |    38 |    23 ||    88
Dodge: Dodged            |    43 |    45 |    42 ||   130

Vault maps used:
D:1:      saegor_arrival_simple_f, minmay_misc_feat_secret_circle
D:2:      marbit_many_paths, minmay_close_crescents
D:3:      nemelex_xobeh_ov_fountains_minmay, uniq_grinder
D:4:      lemuel_crystal_altar, temple_statues, first_bread, uniq_eustachio,
          uniq_natasha
D:5:      grunt_temple_overflow_open, minmay_guarded_unrand_staff_of_olgreb,
          uniq_ijyb
Temple:   regret_index_temple_generic_petals

Table legend:
 A = Turns spent in this place as a percentage of turns spent in the entire game.
 B = Non-inter-level travel turns spent in this place as a percentage of non-inter-level travel turns spent in the entire game.
 C = Inter-level travel turns spent in this place as a percentage of turns spent in this place.
 D = Turns resting spent in this place as a percentage of non-inter-level travel turns spent in this place.
 E = Turns spent auto-exploring this place as a percentage of non-inter-level travel turns spent in this place.
 F = Non-inter-level travel turns spent in this place divided by the number of levels of this place that you've seen.
                   A       B       C       D       E      F
               +-------+-------+-------+-------+-------+----------------------
         Total | 100.0 | 100.0 |   0.5 |   0.4 |   9.2 | 277.7
       Dungeon |  98.0 |  98.1 |   0.5 |   0.4 |   8.4 | 326.8
        Temple |   2.0 |   1.9 |   3.0 |   0.0 |  50.0 |  32.0
               +-------+-------+-------+-------+-------+----------------------

Table legend:
 A = Kills in this place as a percentage of kills in entire the game.
 B = Kills by you in this place as a percentage of kills by you in the entire game.
 C = Kills by friends in this place as a percentage of kills by friends in the entire game.
 D = Other kills in this place as a percentage of other kills in the entire game.
 E = Experience gained in this place as a percentage of experience gained in the entire game.
 F = Experience gained in this place divided by the number of levels of this place that you have seen.
                   A       B       C       D       E      F
               +-------+-------+-------+-------+-------+----------------------
         Total | 100.0 | 100.0 |  -nan |  -nan | 100.0 | 350.0
       Dungeon | 100.0 | 100.0 |  -nan |  -nan | 100.0 | 420.0
               +-------+-------+-------+-------+-------+----------------------
